 Dungeon Crawl Stone Soup version 0.25.0-11-g1f837a76a1 (webtiles) character file.

Game seed: 6066242609059144625

118481 Bapho the Executioner (level 16, -4/226 HPs)
             Began as a Minotaur Berserker on June 24, 2020.
             Was a High Priest of Trog.
             Hit by a javelin thrown by a merfolk javelineer (12 damage)
             ... on level 2 of the Shoals.
             The game lasted 01:05:18 (30675 turns).

Bapho the Executioner (Minotaur Berserker)         Turns: 30675, Time: 01:05:20

Health: -4/226     AC: 23    Str: 28    XL:     16   Next: 25%
Magic:  15/15      EV: 17    Int:  4    God:    Trog [*****.]
Gold:   2898       SH:  5    Dex: 11    Spells: 15/15 levels left

rFire    . . .     SeeInvis .   a - +6 executioner's axe (flame)
rCold    + . .     Gourm    .   (shield currently unavailable)
rNeg     . . .     Faith    .   T - +3 plate armour
rPois    .         Spirit   .   G - +0 hat {MR+}
rElec    .         Reflect  +   K - +0 cloak
rCorr    .         Harm     .   P - +2 pair of gloves
MR       ++...                  (no boots)
Stlth    ..........             l - amulet of reflection
HPRegen  0.47/turn              x - ring of protection from cold
MPRegen  0.14/turn              B - +4 ring of evasion

@: berserking, studying Transmutations, quick
A: retaliatory headbutt, horns 2
a: Berserk, Trog's Hand, Brothers in Arms, Renounce Religion


You were on level 2 of the Shoals.
You worshipped Trog.
Trog was extremely pleased with you.
You were not hungry.

You visited 5 branches of the dungeon, and saw 26 of its levels.

You collected 2898 gold pieces.

Inventory:

Hand Weapons
 a - a +6 executioner's axe of flaming (weapon)
 b - a +0 arbalest
 C - a +2 hand crossbow of freezing
Missiles
 d - 33 sling bullets
 e - 667 stones (quivered)
 i - 237 bolts
Armour
 G - a +0 hat of magic resistance (worn)
 K - a +0 cloak (worn)
 P - a +2 pair of gloves (worn)
 T - a +3 plate armour (worn)
Jewellery
 l - an amulet of reflection (around neck)
 u - an uncursed ring of resist corrosion {unknown}
 x - a ring of protection from cold (left hand)
 B - a +4 ring of evasion (right hand)
 N - a +4 ring of evasion
Wands
 n - a wand of disintegration (9)
 y - a wand of digging (14)
 A - a wand of flame (13)
 D - a wand of polymorph (3)
 L - a wand of enslavement (9)
 O - a wand of paralysis (23)
 S - a wand of acid (16)
 V - a wand of iceblast (21)
Scrolls
 f - 4 scrolls of fog {unknown}
 g - 2 scrolls of enchant armour {unknown}
 h - 7 scrolls of remove curse
 j - 2 scrolls of amnesia {unknown}
 m - 5 scrolls of enchant weapon {unknown}
 q - 2 scrolls of random uselessness
 s - 8 scrolls of teleportation
 z - 6 scrolls of fear
 H - a scroll of summoning
 I - 6 scrolls of magic mapping
 M - 3 scrolls of blinking
Potions
 k - 4 potions of cancellation
 o - 15 potions of curing
 r - 3 potions of flight
 v - 2 potions of haste
 w - 4 potions of might
 E - a potion of resistance
 F - 2 potions of ambrosia
 W - 2 potions of invisibility
 X - 2 potions of heal wounds
 Y - 2 potions of magic
Books
 p - a manual of Transmutations
Comestibles
 c - 40 rations


   Skills:
 - Level 16.0 Fighting
 - Level 22.1 Axes
 + Level 14.6 Crossbows
 - Level 12.0 Armour
 - Level 11.1 Dodging


You had 15 spell levels left.
You didn't know any spells.
Your spell library contained the following spells:

 Spells                   Type           Power        Failure   Level  Hunger
 Animate Skeleton         Necr           N/A          99%         1    ##.....
 Apportation              Tloc           #.....       99%         1    ##.....
 Corona                   Hex            #......      99%         1    ##.....
 Freeze                   Ice            #...         99%         1    ##.....
 Infusion                 Chrm           #...         99%         1    ##.....
 Shock                    Conj/Air       #...         99%         1    ##.....
 Summon Small Mammal      Summ           #...         99%         1    ##.....
 Shroud of Golubria       Chrm/Tloc      #.....       99%         2    ###....
 Song of Slaying          Chrm           #.......     99%         2    ###....
 Swiftness                Chrm/Air       #.......     99%         2    ###....
 Frozen Ramparts          Ice            #.....       100%        3    ####...
 Ozocubu's Armour         Chrm/Ice       #.......     100%        3    ####...
 Spectral Weapon          Hex/Chrm       #.......     100%        3    ####...
 Static Discharge         Conj/Air       #.......     100%        3    ####...
 Airstrike                Air            #.........   100%        4    #####..
 Hailstorm                Conj/Ice       #.......     100%        4    #####..
 Summon Ice Beast         Ice/Summ       #.......     100%        4    #####..
 Lightning Bolt           Conj/Air       #.........   100%        5    ######.


Dungeon Overview and Level Annotations

Branches:
Dungeon (15/15)            Temple (1/1) D:5            Lair (6/6) D:10
 Shoals (2/4) Lair:4        Snake (0/4) Lair:3        Slime (0/5) Lair:6
    Orc (2/2) D:11            Elf (0/3) Orc:2        Vaults (0/5) D:14
 Depths (0/5) D:15

Altars:
Ashenzari
Dithmenos
Elyvilon
Gozag
Kikubaaqudgha
Makhleb
Nemelex Xobeh
Sif Muna
Trog
Uskayaw
Vehumet
Wu Jian
Yredelemnul
The Shining One
Jiyva

Shops:
D:7 (   D:12 [   Orc:2 =(([   Shoals:2 ?

Portals:
Abyss: D:11

Annotations:
D:11 2 transporters, TheNamelessOne's ghost, journeyman DsFi


Innate Abilities, Weirdness & Mutations

You reflexively headbutt those who attack you in melee.
You have a pair of horns on your head.


Message History

The merfolk hits you but does no damage.
The merfolk closely misses you. You block the merfolk's attack.
The merfolk hits you from afar with a +0 trident.
* * * LOW HITPOINT WARNING * * *
The merfolk javelineer throws a javelin.
The javelin pierces through you!
* * * LOW HITPOINT WARNING * * *
You hear a splash.
The merfolk hits you with a +0 trident.
* * * LOW HITPOINT WARNING * * *
The merfolk hits you but does no damage.
The merfolk completely misses you.
Your unstable footing causes you to fumble your attack.
The merfolk hits you with a +0 trident.
* * * LOW HITPOINT WARNING * * *
The merfolk hits you but does no damage.
The merfolk javelineer throws a javelin.
The javelin pierces through you!
You die...

.........P.P..P....≈≈...#.#
P.###...≈..P≈P≈≈≈≈≈≈≈...# #
..##.P.PP≈≈PPPP≈≈≈≈≈(≈..#
≈≈.....PP≈≈PP≈≈≈≈≈≈≈≈≈.≈.#
.≈≈.....P≈≈≈≈≈≈≈≈≈)≈≈≈..≈≈
≈≈≈....P≈≈≈≈.≈≈≈≈((≈≈≈≈...
≈≈≈≈.≈≈≈......≈≈≈≈).≈≈...
≈≈≈≈≈≈.......≈≈≈)≈m....≈≈
≈≈......##...PHm@≈....≈≈≈
≈≈...≈..##..≈≈≈mmmm...≈..
≈≈≈≈≈≈......≈≈≈≈≈≈≈..≈... ≈
..(...≈≈≈≈..≈≈≈≈ ≈
..(....≈≈≈.≈≈≈.. ≈
..##...≈≈≈≈≈≈... ≈ .
#..≈≈≈≈≈≈≈..≈ #....≈≈≈≈≈≈≈


You could see a merfolk javelineer, 5 merfolk and a manticore.

Vanquished Creatures
  Jorgrun (D:15)
  Gastronok (Lair:3)
  Agnes (D:15)
  Donald (Orc:2)
  The ghost of Vochiuc the Eclecticist, an adept DEFE of Vehumet (D:15)
  A merfolk impaler (Shoals:2)
  The ghost of Comi the Carver, a journeyman TeBe of Trog (Lair:6)
  A merfolk javelineer (Shoals:2)
  2 ice dragons (D:15)
  2 fire dragons
  The ghost of Pamiuf the Slicer, a journeyman KoSu of Ru (Lair:2)
  4 hydras
  An alligator (Lair:3)
  A catoblepas (Lair:3)
  3 centaur warriors
  A merfolk aquamancer (Shoals:2)
  A merfolk avatar (Shoals:2)
  A satyr (Shoals:2)
  5 two-headed ogres
  A death yak (Lair:5)
  2 tengu warriors
  3 orc high priests (Orc:2)
  Sonja (Orc:2)
  A skeletal warrior (D:14)
  2 sea snakes (Shoals:1)
  3 harpies (Shoals:1)
  2 lindwurms (Lair:6)
  6 orc knights
  2 cyclopes
  4 orc sorcerers
  3 deep elf magi
  8 ugly things
  A manticore (shapeshifter) (D:12)
  2 merfolk sirens (Shoals:2)
  10 black mambas
  4 manticores
  3 water nymphs
  Joseph (D:8)
  15 elephants
  An ice statue (Lair:5)
  6 centaur skeletons
  2 rime drakes
  8 torpor snails
  11 spiny frogs
  A kobold demonologist (D:15)
  A freezing wraith (Lair:5)
  6 komodo dragons
  5 yaktaurs (D:14)
  12 merfolk
  13 polar bears
  6 hornets (Lair:6)
  3 tyrant leeches (Lair:6)
  A raiju (Lair:6)
  9 trolls
  15 blink frogs
  4 wind drakes
  A hippogriff (shapeshifter) (D:13)
  2 dream sheep
  2 slime creatures (D:15)
  2 snapping turtles
  19 hippogriffs
  A meliai zombie (D:14)
  A centaur simulacrum (D:15)
  A spriggan (D:11)
  7 water elementals
  40 yaks
  2 wyverns
  8 vampire mosquitoes
  3 wraiths
  9 basilisks
  8 wargs
  A hungry ghost (D:7)
  Menkaure (D:6)
  An acid dragon (D:12)
  A harpy simulacrum (D:15)
  20 water moccasins
  16 hell hounds (Lair:6)
  15 porcupines
  23 orc warriors
  A hornet zombie (D:12)
  9 ice beasts
  2 phantoms (D:9)
  12 black bears
  15 ogres
  3 sky beasts
  16 centaurs
  17 wolves
  12 crocodiles
  6 big kobolds
  Blork the orc (D:6)
  20 bullfrogs
  A gnoll sergeant (Orc:1)
  2 wyvern zombies
  8 scorpions
  A wyvern skeleton (D:9)
  A hornet simulacrum (D:15)
  6 killer bees (D:12)
  4 wights (D:9)
  A howler monkey (D:4)
  6 jellies
  6 centaur zombies
  3 crimson imps
  2 quasits (D:13)
  2 bullfrog zombies
  A wyvern simulacrum (D:15)
  7 hounds
  Crazy Yiuf (D:7)
  16 orc priests
  Ijyb (D:4)
  4 bullfrog skeletons
  3 iguanas
  7 worker ants
  25 orc wizards
  3 hound skeletons
  2 howler monkey zombies
  17 adders
  11 gnolls
  7 shadow imps
  A white imp (Lair:5)
  2 adder zombies
  An adder skeleton (D:4)
  4 worms
  2 ball lightnings (D:15)
  4 dart slugs
  3 leopard geckos
  69 orcs
  6 giant cockroaches
  8 goblins
  7 hobgoblins
  18 jackals
  6 quokkas
  2 ball pythons (Lair:3)
  8 bats
  3 frilled lizards
  36 kobolds
  A leopard gecko skeleton (D:8)
  4 rats (D:1)
  8 fungi
  11 plants
858 creatures vanquished.

Vanquished Creatures (collateral kills)
  A hydra (Lair:4)
1 creature vanquished.

Vanquished Creatures (others)
  A centaur (Lair:4)
  2 ball lightnings (D:15)
  An orc (D:12)
  A kobold (D:14)
  A bush (D:10)
  5 fungi (Lair:3)
  16 plants
  2 withered plants (Lair:2)
29 creatures vanquished.

Grand Total: 888 creatures vanquished

Notes
Turn   | Place    | Note
-------+----------+-------------------------------------------
     0 | D:1      | Bapho the Minotaur Berserker began the quest for the Orb.
     0 | D:1      | Reached XP level 1. HP: 19/19 MP: 0/0
    97 | D:1      | Reached skill level 4 in Axes
   118 | D:1      | Reached XP level 2. HP: 24/27 MP: 1/1
   619 | D:1      | Reached XP level 3. HP: 33/33 MP: 2/2
   789 | D:1      | Reached ** piety under Trog
  1192 | D:2      | Reached skill level 5 in Axes
  1834 | D:3      | Reached XP level 4. HP: 41/41 MP: 3/3
  2131 | D:3      | Reached skill level 6 in Axes
  2265 | D:3      | Reached XP level 5. HP: 47/47 MP: 4/4
  2684 | D:3      | Found a faded altar of an unknown god.
  2850 | D:4      | Reached skill level 5 in Fighting
  2921 | D:4      | Noticed an ogre
  2931 | D:4      | Killed an ogre
  2931 | D:4      | Reached *** piety under Trog
  2931 | D:4      | Reached skill level 7 in Axes
  2933 | D:4      | Reached XP level 6. HP: 56/56 MP: 5/5
  3092 | D:4      | Reached skill level 8 in Axes
  3173 | D:4      | Reached XP level 7. HP: 63/63 MP: 6/6
  3338 | D:4      | Reached skill level 9 in Axes
  3387 | D:4      | Reached **** piety under Trog
  3532 | D:4      | Noticed Ijyb
  3541 | D:4      | Killed Ijyb
  3911 | D:5      | Entered Level 5 of the Dungeon
  3986 | D:5      | Reached XP level 8. HP: 71/73 MP: 7/7
  4273 | D:5      | Reached skill level 10 in Axes
  4357 | D:5      | Found a staircase to the Ecumenical Temple.
  5094 | D:6      | Reached skill level 11 in Axes
  5312 | D:6      | Noticed Menkaure
  5319 | D:6      | Killed Menkaure
  5848 | D:6      | Noticed Blork the orc
  5855 | D:6      | Killed Blork the orc
  5855 | D:6      | Reached XP level 9. HP: 78/82 MP: 8/8
  6088 | D:7      | Reached skill level 16 in Axes
  6088 | D:7      | Reached XP level 10. HP: 91/91 MP: 9/9
  6289 | D:7      | Found Jiekioke's Weapon Boutique.
  6744 | D:7      | Found a runed translucent door.
  6745 | D:7      | Noticed Crazy Yiuf
  7505 | D:7      | Killed Crazy Yiuf
  7698 | D:8      | Noticed Joseph
  7721 | D:8      | Killed Joseph
  8588 | D:8      | Found a shadowy altar of Dithmenos.
  9029 | D:8      | Noticed a two-headed ogre
  9038 | D:8      | Killed a two-headed ogre
  9038 | D:8      | Reached skill level 10 in Fighting
  9038 | D:8      | Reached skill level 5 in Armour
  9376 | D:9      | Reached skill level 5 in Dodging
  9438 | D:9      | Reached XP level 11. HP: 95/100 MP: 10/10
  9459 | D:9      | Reached ***** piety under Trog
 10456 | D:10     | Entered Level 10 of the Dungeon
 10966 | D:10     | Found a staircase to the Lair.
 11436 | D:10     | Noticed a two-headed ogre
 11448 | D:10     | Killed a two-headed ogre
 11852 | D:11     | Found a staircase to the Orcish Mines.
 12116 | D:11     | Noticed a two-headed ogre
 12121 | D:11     | Killed a two-headed ogre
 12174 | D:11     | Noticed a purple very ugly thing
 12177 | D:11     | Found a transporter.
 12185 | D:11     | Found a transporter.
 12196 | D:11     | Noticed TheNamelessOne's ghost (journeyman DsFi)
 12201 | D:11     | Got a flickering tin ring
 12444 | D:11     | Found a one-way gate to the infinite horrors of the Abyss.
 12859 | D:12     | Found Muusyda's Antique Armour Boutique.
 13002 | D:12     | Noticed a deep elf mage
 13038 | D:12     | Killed a deep elf mage
 13038 | D:12     | Reached XP level 12. HP: 92/112 MP: 11/11
 14175 | Lair:1   | Entered Level 1 of the Lair of Beasts
 15136 | Lair:2   | Reached ****** piety under Trog
 15207 | Lair:2   | Identified the ring "Oschiate" {*Tele *Drain rC+ Int+3}
                  | (You found it on level 11 of the Dungeon)
 15263 | Lair:2   | Noticed a seven-headed hydra
 15268 | Lair:2   | Killed a seven-headed hydra
 15387 | Lair:2   | Noticed an eight-headed hydra
 15400 | Lair:2   | Killed an eight-headed hydra
 15400 | Lair:2   | Reached skill level 10 in Armour
 15601 | Lair:2   | Received a gift from Trog
 15850 | Lair:2   | Found a runed translucent door.
 15850 | Lair:2   | Noticed Pamiuf's ghost (journeyman KoSu)
 16155 | Lair:2   | Killed Pamiuf's ghost
 16312 | Lair:3   | Reached skill level 10 in Dodging
 16323 | Lair:3   | Found a staircase to the Snake Pit.
 16759 | Lair:3   | Reached XP level 13. HP: 122/122 MP: 12/12
 17708 | Lair:3   | Noticed Gastronok
 17720 | Lair:3   | Killed Gastronok
 18064 | Lair:4   | Received a gift from Trog
 18067 | Lair:4   | Got a masterwork battleaxe {god gift}
 18068 | Lair:4   | Identified the +12 battleaxe "Zuzxal" {vorpal, Dex+6} (Trog
                  | gifted it to you on level 4 of the Lair of Beasts)
 18307 | Lair:4   | Found a staircase to the Shoals.
 18545 | Lair:4   | Reached skill level 17 in Axes
 19180 | Lair:5   | Reached skill level 18 in Axes
 19454 | Lair:6   | Entered Level 6 of the Lair of Beasts
 19472 | Lair:6   | Reached XP level 14. HP: 104/132 MP: 13/13
 19778 | Lair:6   | Reached skill level 19 in Axes
 19812 | Lair:6   | Received a gift from Trog
 20239 | Lair:6   | Reached skill level 1 in Crossbows
 20689 | Lair:6   | Found a staircase to the Slime Pits.
 20689 | Lair:6   | Found a viscous altar of Jiyva.
 20954 | Lair:5   | Reached skill level 5 in Crossbows
 21221 | Lair:5   | Reached skill level 20 in Axes
 21742 | Lair:6   | Found a runed translucent door.
 21742 | Lair:6   | Noticed Comi's ghost (journeyman TeBe)
 21756 | Lair:6   | Killed Comi's ghost
 21864 | Lair:6   | Found a runed translucent door.
 22104 | Lair:6   | Paralysed by a hornet for 1 turns
 22817 | Temple   | Entered the Ecumenical Temple
 22972 | Orc:1    | Entered Level 1 of the Orcish Mines
 23006 | Orc:1    | Received a gift from Trog
 23582 | Orc:2    | Entered Level 2 of the Orcish Mines
 23684 | Orc:2    | Reached skill level 10 in Crossbows
 23761 | Orc:2    | Noticed Sonja
 24073 | Orc:2    | Found a staircase to the Elven Halls.
 24098 | Orc:2    | Killed Sonja
 24100 | Orc:2    | Noticed Donald
 24114 | Orc:2    | Killed Donald
 24114 | Orc:2    | Reached XP level 15. HP: 121/138 MP: 14/14
 24421 | Orc:2    | Reached skill level 21 in Axes
 24426 | Orc:2    | Received a gift from Trog
 24783 | Orc:2    | Found Tutea's Weapon Emporium.
 24783 | Orc:2    | Found Qeisu's Antique Armour Shop.
 24785 | Orc:2    | Found Jinievo's Weapon Shop.
 24785 | Orc:2    | Found Urphyran's Jewellery Emporium.
 25679 | D:14     | Reached skill level 22 in Axes
 25688 | D:14     | Received a gift from Trog
 26453 | D:14     | Found a gate to the Vaults.
 26831 | D:15     | Entered Level 15 of the Dungeon
 26908 | D:15     | Reached skill level 15 in Fighting
 26962 | D:15     | Noticed Agnes
 26975 | D:15     | Killed Agnes
 27167 | D:15     | Found a runed translucent door.
 27167 | D:15     | Noticed Vochiuc's ghost (adept DEFE)
 27181 | D:15     | Killed Vochiuc's ghost
 27308 | D:15     | Noticed Jorgrun
 27321 | D:15     | Killed Jorgrun
 27658 | D:15     | Received a gift from Trog
 28146 | D:15     | Found a staircase to the Depths.
 28560 | Shoals:1 | Entered Level 1 of the Shoals
 29344 | Shoals:1 | Reached XP level 16. HP: 151/151 MP: 15/15
 30461 | Shoals:2 | Received a gift from Trog
 30495 | Shoals:2 | Found Suluidog's Magic Scroll Boutique.
 30675 | Shoals:2 | HP: 8/226 [merfolk/+0 trident (5)]
 30675 | Shoals:2 | Hit by a javelin thrown by a merfolk javelineer

Illustrated notes

Levels and vault maps discovered:
D:1:      wander_arrival_peaceful_grave, layout_basic, serial_rivers,
          chequers_serial_rivers_small_a, chequers_serial_rivers_micro_b,
          chequers_serial_rivers_room_a, chequers_serial_rivers_micro_e,
          chequers_serial_rivers_marsh, st_stairs_5
D:2:      layout_basic
D:3:      layout_basic, chequers_ecumenical_altar_grove, first_ration,
          serial_bayou_lake_a
D:4:      layout_loops_ring, minmay_increasing_density, uniq_ijyb
D:5:      layout_basic, minmay_temple_entry_wispy, serial_corexii_hall,
          corexii_hall_statues_i, corexii_hall_statues_i, minmay_manual_mail
D:6:      layout_basic, uniq_blork_the_orc, uniq_menkaure
D:7:      layout_loops_corners, serial_shops, nicolae_shop_stone,
          mrwooster_statue_mirror, uniq_crazy_yiuf_cottage
D:8:      minmay_chambers_of_sixes, layout_basic, grunt_dithmenos_shadows,
          uniq_joseph
D:9:      layout_basic
D:10:     layout_rooms, minmay_lair_entry_grove
D:11:     layout_stronghold, david_orc_1_choice, gammafunk_ghost_abyssal_escape,
          the_bakery
D:12:     layout_grid_maze, serial_shops, shop
D:13:     layout_rooms
D:14:     layout_irregular_city, hangedman_vaults_entry_quadrant_bands,
          chequers_serial_rivers_room_b
D:15:     grunt_enter_depths_hoard, layout_loops_ring, gammafunk_ghost_grave,
          minmay_misc_feat_chi, uniq_jorgrun, uniq_agnes
Temple:   dpeg_three_leaves_temple
Lair:1:   layout_chaotic_city, minmay_hedge_maze, minmay_stone_trees_medium,
          grunt_megastairs_1, lemuel_fruit_fields
Lair:2:   layout_chaotic_city, gammafunk_ghost_grave, guppyfry_lair_drakes,
          lemuel_fruit_fields
Lair:3:   layout_gridlike, minmay_snake_entry_six_corridors,
          hangedman_lair_generics_rect, uniq_gastronok
Lair:4:   layout_roguey, minmay_shoals_entry_centaurs
Lair:5:   layout_hall_layers, st_stairs_6, chequers_serial_rivers_micro_c,
          ice2_lemuel
Lair:6:   hangedman_lair_caniforms_friends, layout_gridlike, wormcave,
          slime_altar_1, ebering_ghost_inner_flame, lookout_lair_type,
          kennysheep_basilisk_garden
Shoals:1: layout_shoals
Shoals:2: layout_shoals, serial_shops, shop
Orc:1:    layout_caves
Orc:2:    grunt_orc_tribal_feast, layout_caves, uniq_sonja, uniq_donald

Skill      XL: |  1  2  3  4  5  6  7  8  9 10 11 12 13 14 15 16 |
---------------+-------------------------------------------------+-----
Axes           | 4 5 6 7 8 9 11 16 18 20 22 | 22.1
Fighting       | 4 5 6 7 8 9 10 12 13 14 16 | 16.0
Armour         | 5 8 11 12 | 12.0
Dodging        | 5 8 10 11 | 11.1
Crossbows      | 10 12 14 | 14.6

Action                   |  1- 3 |  4- 6 |  7- 9 | 10-12 | 13-15 | 16-18 || total
-------------------------+-------+-------+-------+-------+-------+-------++-------
Melee: Hand axe          |    98 |   111 |   163 |   366 |       |       ||   738
       Headbutt          |    15 |    20 |    34 |   153 |   133 |    17 ||   372
       War axe           |       |       |       |   266 |    67 |       ||   333
       Hunting sling     |       |       |       |     1 |       |       ||     1
       Battleaxe         |       |       |       |       |   175 |       ||   175
       Executioner's axe |       |       |       |       |   389 |    73 ||   462
 Fire: Shortbow          |       |       |    42 |    47 |       |       ||    89
       Hunting sling     |       |       |       |   293 |   107 |       ||   400
       Hand crossbow     |       |       |       |       |   299 |       ||   299
       Arbalest          |       |       |       |       |   133 |    53 ||   186
Throw: Stone             |    98 |    56 |    45 |    64 |    79 |    15 ||   357
Invok: Berserk           |       |     2 |     4 |     7 |    13 |     1 ||    27
       Brothers in Arms  |       |       |       |       |     1 |       ||     1
       Trog's Hand       |       |       |       |       |     1 |       ||     1
Evoke: Wand              |       |       |       |     8 |     4 |       ||    12
  Use: Scroll            |       |       |     5 |    12 |     6 |     4 ||    27
       Potion            |       |       |     1 |       |     1 |       ||     2
  Eat: Chunk             |     3 |     6 |    10 |    34 |    45 |     3 ||   101
       Ration            |       |       |     1 |     2 |     2 |     1 ||     6
Armor: Ring mail         |    32 |    15 |       |       |       |       ||    47
       Plate armour      |       |    32 |    87 |   268 |   332 |    52 ||   771
Dodge: Dodged            |    48 |    42 |    44 |   296 |   488 |   103 ||  1021
Block: Other             |       |       |       |    29 |   184 |    38 ||   251
       Reflection        |       |       |       |       |    15 |     4 ||    19
